 Dungeon Crawl Stone Soup version 0.30-a0-39-g42789b21ef (webtiles) character file.

Game seed: 13998695145823175898

12214 nucleargodhead the Warrior (level 11, -1/114 HPs)
             Began as a Minotaur Berserker on Aug 28, 2022.
             Was a High Priest of Trog.
             Slain by an unseen horror (7 damage)
             ... on level 11 of the Dungeon.
             The game lasted 00:14:17 (12600 turns).

nucleargodhead the Warrior (Minotaur Berserker)    Turns: 12600, Time: 00:14:17

Health: -1/114     AC: 18    Str: 22    XL:     11   Next: 59%
Magic:  10/10      EV:  7    Int:  4    God:    Trog [*****.]
Gold:   612        SH:  5    Dex: 14    Spells: 10/10 levels left

rFire   . . .      SeeInvis .    D - +2 hand axe (freeze)
rCold   . . .      Faith    .    (no shield)
rNeg    . . .      Spirit   .    l - +0 plate armour
rPois   +          Reflect  +    v - +2 hat
rElec   .          Harm     .    A - +0 cloak
rCorr   .          Rampage  .    H - +2 pair of gloves
Will    ++...                    B - +0 pair of boots
Stlth   ..........               s - amulet of Xekhlillu {Reflect rPois SH+5 Stlth+}
HPRegen 1.29/turn                (no ring)
MPRegen 0.12/turn                (no ring)

@: strong-willed, regenerating
A: horns 2, retaliatory headbutt
a: Renounce Religion, Berserk, Trog's Hand, Brothers in Arms


You were on level 11 of the Dungeon.
You worshipped Trog.
Trog was extremely pleased with you.
You visited 1 branch of the dungeon, and saw 11 of its levels.
You also visited: Sewer.

You collected 612 gold pieces.

Inventory:

Hand Weapons
 a - a +0 hand axe
 D - a +2 hand axe of freezing (weapon)
Missiles
 y - 3 throwing nets (quivered)
Armour
 b - a +0 animal skin
 f - a +0 ring mail
 l - a +0 plate armour (worn)
 v - a +2 hat (worn)
 x - a +0 pair of gloves
 A - a +0 cloak (worn)
 B - a +0 pair of boots (worn)
 G - the -1 cloak of the Eagle {-Cast *Corrode rF++ SInv}
   (You found it on level 6 of the Dungeon)

   rF:        It greatly protects you from fire.
   SInv:      It lets you see invisible.
   -Cast:     It prevents spellcasting.
   *Corrode:  It may corrode you when you take damage.
 H - a +2 pair of gloves (worn)
Jewellery
 i - an amulet of magic regeneration
 s - the amulet of Xekhlillu (around neck) {Reflect rPois SH+5 Stlth+}
   (You found it on level 3 of the Dungeon)

   [amulet of reflection]

   It reflects blocked missile attacks.
   rPois:     It protects you from poison.
   SH:        It affects your SH (+5).
   Stlth:     It makes you more stealthy.
 M - an amulet of guardian spirit
 U - a +4 ring of evasion
Wands
 z - a wand of light (16)
 E - a wand of digging (8)
 P - a wand of mindburst (10)
 Q - a wand of flame (10)
 T - a wand of paralysis (5)
Scrolls
 d - a scroll of enchant armour {unknown}
 g - 4 scrolls of identify {unknown}
 h - 2 scrolls of enchant weapon
 j - a scroll of fear {unknown}
 k - 2 scrolls of amnesia {unknown}
 n - 3 scrolls of vulnerability {unknown}
 o - 4 scrolls of teleportation {unknown}
 q - 5 scrolls of magic mapping {unknown}
 F - a scroll of poison {unknown}
 I - 2 scrolls of immolation {unknown}
 J - a scroll of blinking {unknown}
 K - a scroll of summoning {unknown}
 L - a scroll of silence {unknown}
 N - a scroll of torment {unknown}
 O - a scroll of noise {unknown}
 R - a scroll of fog {unknown}
Potions
 c - 2 potions of mutation {unknown}
 e - a potion of ambrosia {unknown}
 m - 3 potions of cancellation {unknown}
 p - 3 potions of might {unknown}
 r - 4 potions of brilliance {unknown}
 t - 6 potions of heal wounds
 u - 6 potions of curing {unknown}
 w - 3 potions of flight
 C - a potion of degeneration {unknown}
 S - a potion of magic {unknown}


   Skills:
 + Level 15.8 Fighting
 + Level 15.8 Axes
 - Level 2.4 Armour
 - Level 2.1 Dodging


You had 10 spell levels left.
You didn't know any spells.
Your spell library was empty.

Dungeon Overview and Level Annotations

Branches:
Dungeon (11/15)            Temple (0/1) D:4            Lair (0/5) D:9
    Orc (0/2) D:9           Sewer (visited)

Altars:
Ashenzari
Cheibriados
Elyvilon
Gozag
Kikubaaqudgha
Nemelex Xobeh
Qazlal
Ru
Trog
Wu Jian
Yredelemnul
Lugonu

Shops:
D:1 [

Annotations:
D:8 1 transporter


Innate Abilities, Weirdness & Mutations

You have a pair of horns on your head.
You reflexively headbutt those who attack you in melee.


Message History

There is an open door here.
Something hits you but does no damage.
You swing at nothing.
You swing at nothing.
Something hits you but does no damage.
You barely miss something. Something hits you.
* * * LOW HITPOINT WARNING * * *
You swing at nothing.
Something hits you but does no damage.
You closely miss something. Something hits you but does no damage.
You swing at nothing.
You hit something. You freeze something. Your headbutt misses something.
Something hits you.
* * * LOW HITPOINT WARNING * * *
You swing at nothing.
Something hits you but does no damage.
You hit something. You freeze something. Something hits you!
* * * LOW HITPOINT WARNING * * *
You swing at nothing.
Something hits you.
* * * LOW HITPOINT WARNING * * *
You hit something but do no damage. Something hits you.
* * * LOW HITPOINT WARNING * * *
Your skin crawls.
You feel strong-willed. Something hits you but does no damage.
Something hits you!
* * * LOW HITPOINT WARNING * * *
Something hits you but does no damage.
There is an open door here.
Something hits you but does no damage. x2
You block something's attack.
Something hits you but does no damage. x2
Something hits you but does no damage. Something hits you but does no damage.
You block something's attack. Something hits you.
* * * LOW HITPOINT WARNING * * *
Something hits you.
* * * LOW HITPOINT WARNING * * *
There is an open door here.
You miss something. Your headbutt misses something.
Something hits you but does no damage. x2
You barely miss something. Something hits you but does no damage.
Something hits you!
You die...

#...# ##. #†### #.. #######+###
##'####### #.# ..........#
#......... ###'# ...$.....^#
#..<...... #.... ..>.......#
#......... #.... ..........####
#......... #...^
..........'..####......... #....
..........##....@......... #....
..........#######.........#.'....
+########## #>........###....
#######'# #.... ^# #####


There were no monsters in sight!

Vanquished Creatures
  2 hydras (D:11)
  2 two-headed ogres (D:10)
  An ugly thing (D:11)
  Maggie (D:7)
  An unseen horror (D:9)
  A komodo dragon (D:11)
  3 trolls
  A hornet (D:9)
  Sigmund (D:5)
  A vampire (D:9)
  14 yaks
  A vampire mosquito (D:10)
  2 steam dragons
  2 wargs (D:9)
  2 acid dragons
  Duvessa (D:5)
  2 water moccasins
  5 orc warriors
  A black bear (D:6)
  An ice beast (D:6)
  2 ogres
  5 centaurs
  2 phantoms (D:5)
  2 kobold brigands
  A scorpion (D:6)
  2 gnoll sergeants
  15 wights
  Dowan (D:5)
  14 killer bees
  6 howler monkeys
  An electric eel (D:7)
  3 hounds
  2 jellies
  5 orc priests
  Crazy Yiuf (D:4)
  An iguana (D:4)
  8 orc wizards
  13 gnolls
  6 adders
  2 river rats (Sewer)
  2 shadow imps (D:6)
  A white imp (D:7)
  2 ufetubi (D:5)
  3 worms
  4 dart slugs
  37 orcs
  3 ball pythons
  5 bats
  4 endoplasms
  3 giant cockroaches
  9 goblins
  6 hobgoblins
  8 jackals
  12 kobolds
  5 quokkas
  3 frilled lizards
  4 rats
248 creatures vanquished.

Vanquished Creatures (others)
  An orc wizard (D:7)
  2 orcs (D:10)
  A quokka (D:4)
  3 plants (D:7)
7 creatures vanquished.

Grand Total: 255 creatures vanquished

Notes
Turn   | Place    | Note
-------+----------+-------------------------------------------
     0 | D:1      | nucleargodhead the Minotaur Berserker began the quest for
                  | the Orb.
     0 | D:1      | Reached XP level 1. HP: 19/19 MP: 0/0
   240 | D:1      | Found Lacuptic's Armour Boutique.
   270 | D:1      | Reached XP level 2. HP: 21/27 MP: 1/1
   670 | D:1      | Found a faded altar of an unknown god.
  1139 | D:2      | Reached XP level 3. HP: 34/34 MP: 2/2
  1291 | D:2      | Found a bloodstained altar of Trog.
  1879 | D:3      | Noticed an ogre
  1885 | D:3      | Killed an ogre
  1886 | D:3      | Reached skill level 5 in Fighting
  1886 | D:3      | Reached skill level 5 in Axes
  1886 | D:3      | Reached XP level 4. HP: 10/42 MP: 3/3
  2281 | D:3      | Reached XP level 5. HP: 47/48 MP: 4/4
  2322 | D:3      | Reached ** piety under Trog
  2999 | D:3      | Identified the amulet of Xekhlillu {Reflect rPois SH+5
                  | Stlth+}
  3711 | D:4      | Reached XP level 6. HP: 57/57 MP: 5/5
  3717 | D:4      | Found a stormy altar of Qazlal.
  3768 | D:4      | Found a staircase to the Ecumenical Temple.
  3836 | D:4      | Found a runed translucent door.
  3837 | D:4      | Noticed Crazy Yiuf
  4164 | D:4      | Killed Crazy Yiuf
  4281 | D:5      | Entered Level 5 of the Dungeon
  4310 | D:5      | Noticed Sigmund
  4319 | D:5      | Killed Sigmund
  4390 | D:5      | Reached XP level 7. HP: 66/66 MP: 6/6
  4799 | D:5      | Noticed Duvessa
  4799 | D:5      | Noticed Dowan
  4808 | D:5      | Killed Duvessa
  4811 | D:5      | Killed Dowan
  4824 | D:5      | Found a snail-covered altar of Cheibriados.
  4948 | D:5      | Found a broken altar of Ashenzari.
  5080 | D:5      | Reached *** piety under Trog
  5154 | D:6      | Reached XP level 8. HP: 51/75 MP: 7/7
  5183 | D:6      | Identified the -1 cloak of the Eagle {-Cast *Corrode rF++
                  | SInv}
  5279 | D:6      | Found a glowing drain.
  5300 | Sewer    | Entered a sewer
  5399 | Sewer    | Found a white marble altar of Elyvilon.
  5640 | D:6      | Reached skill level 10 in Fighting
  5640 | D:6      | Reached skill level 10 in Axes
  5991 | D:7      | Noticed Maggie
  6002 | D:7      | Killed Maggie
  6003 | D:7      | Reached XP level 9. HP: 55/86 MP: 8/8
  6728 | D:7      | Reached **** piety under Trog
  6953 | D:7      | Found a sacrificial altar of Ru.
  7840 | D:8      | Noticed a purple ugly thing
  7840 | D:8      | Noticed a brown ugly thing
  7841 | D:8      | Found a transporter.
  7841 | D:8      | Noticed a brown ugly thing
  7843 | D:8      | Found a corrupted altar of Lugonu.
  7843 | D:8      | Noticed a white ugly thing
  8045 | D:8      | Reached XP level 10. HP: 68/100 MP: 9/9
  8398 | D:8      | Found an ancient bone altar of Kikubaaqudgha.
  8617 | D:9      | Found an ornate altar of the Wu Jian Council.
  8793 | D:9      | Found a staircase to the Lair.
  9302 | D:9      | Found a basalt altar of Yredelemnul.
  9400 | D:9      | Found an opulent altar of Gozag.
  9513 | D:9      | Found a staircase to the Orcish Mines.
  9549 | D:9      | Reached ***** piety under Trog
 10113 | D:9      | Found a sparkling altar of Nemelex Xobeh.
 10246 | D:9      | Found a white marble altar of Elyvilon.
 10457 | D:10     | Entered Level 10 of the Dungeon
 10806 | D:10     | You fall into a shaft and drop 1 floor!
 10821 | D:11     | Noticed a four-headed hydra
 10844 | D:11     | Killed a ten-headed hydra
 10845 | D:11     | Reached XP level 11. HP: 14/111 MP: 10/10
 11561 | D:10     | Noticed a two-headed ogre
 11571 | D:10     | Killed a two-headed ogre
 11572 | D:10     | Reached skill level 15 in Fighting
 11572 | D:10     | Reached skill level 15 in Axes
 11675 | D:10     | Noticed a two-headed ogre
 11683 | D:10     | Killed a two-headed ogre
 12186 | D:11     | Noticed a six-headed hydra
 12205 | D:11     | Killed a 14-headed hydra
 12434 | D:11     | Noticed a cyan ugly thing
 12441 | D:11     | Killed a cyan ugly thing
 12591 | D:11     | HP: 5/114 [something (9)]
 12598 | D:11     | HP: 4/114 [something (6)]
 12600 | D:11     | Slain by an unseen horror

Illustrated notes

Levels and vault maps discovered:
D:1:      heliophobic_arrival_glass_houses, layout_loops_ring,
          ebering_ecumenical_altar_rust, serial_shops, nicolae_shop_behind_doors
D:2:      layout_loops_ring, basic_altar
D:3:      layout_basic
D:4:      layout_basic, grunt_qazlal_clouds, minmay_temple_entry_sparse_star,
          amcnicky_mini_corridor_feature, uniq_crazy_yiuf_cottage
D:5:      layout_loops_ring, nicolae_ashenzari_panopticon, chei_slow_surprise,
          uniq_duvessa, uniq_sigmund
D:6:      layout_basic, portal_sewer_entry_f, st_stairs_9
D:7:      layout_gridville, mainiacjoe_overflow_alcove_2,
          nicolae_kite_square_tiling_tiny, serial_bayou_crossing, uniq_maggie
D:8:      gammafunk_corrupted_shrine, layout_loops_ring, lemuel_doored_altar,
          hangedman_abyss_or_decor_stabs
D:9:      layout_basic, kennysheep_ying_yang, overflow_temple_1_default,
          kennysheep_little_box, nemelex_spade_bored_becter, david_orc_3,
          serial_bayou_pond_c, supply_closet_lemuel
D:10:     kennysheep_six_static_rooms, layout_basic, serial_park_tiny_pond,
          chequers_serial_rivers_small_b
D:11:     layout_roguey, trog_ov_bears_minmay

Skill      XL: |  1  2  3  4  5  6  7  8  9 10 11 |
---------------+----------------------------------+-----
Fighting       | 4 5 6 7 8 10 12 14 15 | 15.8
Axes           | 4 5 6 7 8 10 12 14 15 | 15.8
Armour         | |  2.4
Dodging        | |  2.1

Action                   |  1- 3 |  4- 6 |  7- 9 | 10-12 || total
-------------------------+-------+-------+-------+-------++-------
Melee: Hand axe          |    47 |   115 |   271 |   276 ||   709
       Headbutt          |    10 |    26 |    54 |    62 ||   152
       Punch             |     1 |       |     3 |     4 ||     8
Invok: Berserk           |     1 |     4 |     5 |     8 ||    18
       Trog's Hand       |       |       |       |     1 ||     1
Evoke: Wand              |       |       |       |     1 ||     1
  Use: Scroll            |       |       |     1 |       ||     1
Armor: Ring mail         |     7 |       |       |       ||     7
       Animal skin       |     1 |       |       |       ||     1
       Plate armour      |    13 |    48 |   123 |   223 ||   407
Dodge: Dodged            |    24 |    38 |    72 |    84 ||   218
Block: Other             |       |     7 |    41 |    70 ||   118
       Reflection        |       |       |     1 |     2 ||     3

Table legend: (Time is in decaauts)
 A = Elapsed time spent in this place.
 B = Non-inter-level travel time spent in this place.
 C = Inter-level travel time spent in this place.
 D = Time resting spent in this place.
 E = Time spent auto-exploring this place.
 F = Levels seen in this place.
 G = Mean time per level.
                   A        B        C        D        E       F      G
               +--------+--------+--------+--------+--------+-----+--------+
         Total |  12662 |  12284 |    378 |   3515 |   7131 |  12 | 1055.2 |
       Dungeon |  12505 |  12127 |    378 |   3515 |   7018 |  11 | 1136.8 |
         Sewer |    157 |    157 |      0 |      0 |    113 |   1 |  157.0 |
               +--------+--------+--------+--------+--------+-----+--------+

Top non-repeatable levels by time:
     D:9: 1904 daAuts
     D:7: 1826 daAuts
     D:3: 1410 daAuts
    D:10: 1172 daAuts
     D:4: 1051 daAuts
     D:1: 992 daAuts
    D:11: 932 daAuts
     D:2: 880 daAuts
     D:5: 867 daAuts
     D:8: 859 daAuts
     D:6: 609 daAuts
   Sewer: 157 daAuts
